 Dungeon Crawl Stone Soup version 0.20-a0-983-g35de22d (webtiles) character file.

212 Rrauwl the Magician (level 5, -3/39 HPs)
             Began as a Bultungin Wizard on Apr 10, 2017.
             Shot with an arrow by a centaur (6 damage)
             ... on level 5 of the Dungeon.
             The game lasted 00:20:25 (5754 turns).

Rrauwl the Magician (Bultungin Wizard)              Turns: 5754, Time: 00:20:26

Health: -3/39      AC:  3    Str:  7    XL:     5   Next: 90%
Magic:  3/13       EV: 13    Int: 19    God:
Gold:   152        SH:  0    Dex: 12    Spells: 7/15 levels left

rFire    . . .     SeeInvis +   g - +0 whip
rCold    . . .     Gourm    .   (no shield)
rNeg     . . .     Faith    .   a - +0 robe
rPois    .         Spirit   .   b - +1 hat
rElec    .         Reflect  .   (no cloak)
rCorr    .         Harm     .   (no gloves)
MR       .....                  (no boots)
Stlth    ++........             (no amulet)
Regen    0.2/turn               (no ring)
MPRegen  0.2/turn               (no ring)

@: very slightly contaminated
A: short attention span, fangs 1, see invisible, strong nose
a: no special abilities


You were on level 5 of the Dungeon.
You were not hungry.

You visited 2 branches of the dungeon, and saw 6 of its levels.

You collected 152 gold pieces.

Inventory:

Hand Weapons
 g - a +0 whip (weapon)
Missiles
 n - 18 bolts
Armour
 a - a +0 robe (worn)
 b - a +1 hat (worn)
Magical Staves
 k - an uncursed staff of energy
Scrolls
 l - 3 scrolls of enchant armour
Potions
 e - a potion of heal wounds
 o - a potion of might
Books
 c - a book of Minor Magic

   Spells                             Type                      Level
   a - Magic Dart                     Conjuration                  1
   b - Blink                          Translocation                2
   c - Call Imp                       Summoning                    2
   d - Slow                           Hexes                        2
   e - Conjure Flame                  Conjuration/Fire             3
   f - Mephitic Cloud                 Conjuration/Poison/Air       3
Comestibles
 d - 3 bread rations
 i - 4 fruits
 q - a meat ration


   Skills:
 + Level 2.3 Fighting
 + Level 2.2 Armour
 + Level 3.5 Dodging
 + Level 3.9 Stealth
 + Level 5.8 Spellcasting
 + Level 2.8 Conjurations
 + Level 2.4 Summonings
 + Level 2.7 Translocations
 + Level 2.2 Air Magic
 + Level 1.9 Poison Magic


You had 7 spell levels left.
You knew the following spells:

 Your Spells              Type           Power        Failure   Level  Hunger
a - Magic Dart            Conj           ###.         4%          1    None
b - Call Imp              Summ           ##......     10%         2    None
c - Blink                 Tloc           N/A          8%          2    None
d - Mephitic Cloud        Conj/Pois/Air  ##......     14%         3    ##.....


Dungeon Overview and Level Annotations

Branches:
Dungeon (5/15)             Temple (1/1) D:4

Altars:
Ashenzari
Cheibriados
Elyvilon
Fedhas
Gozag
Hepliaklqana
Kikubaaqudgha
Makhleb
Okawaru
Qazlal
Ru
Sif Muna
Trog
Wu Jian
Yredelemnul
The Shining One


Innate Abilities, Weirdness & Mutations

You have a short attention span.
You have very sharp teeth.
You have supernaturally acute eyesight. (SInv)
Your uncanny sense of smell can sniff out nearby items.


Message History

The centaur shoots an arrow.
The arrow hits your shadow imp!
Your shadow imp dies!
Casting: Call Imp
Confirm with . or Enter, or press ? or * to list all spells.
A beastly little devil appears in a puff of flame.
The centaur shoots an arrow.
The arrow barely misses you. The arrow hits your crimson imp!
Your crimson imp dies!
Casting: Call Imp
Confirm with . or Enter, or press ? or * to list all spells.
You miscast Call Imp.
You are very lightly contaminated with residual magic.
Strange energies run through your body.
The centaur shoots an arrow.
The arrow misses you.
The centaur shoots an arrow.
The arrow hits you.
* * * LOW HITPOINT WARNING * * *
Casting: Call Imp
Confirm with . or Enter, or press ? or * to list all spells.
A beastly little devil appears in a puff of flame.
The centaur shoots an arrow.
The arrow hits you.
You die... ########## #..c(@5(<# #.######## ∆ ∆ ∆

You could see a centaur and a friendly crimson imp.

Vanquished Creatures
  2 worker ants (D:4)
  4 adders
  A gnoll (D:1)
  2 dart slugs (D:3)
  A leopard gecko (D:3)
  3 orcs
  2 bats
  2 giant cockroaches
  6 goblins
  9 hobgoblins
  7 jackals
  A quokka (D:3)
  3 ball pythons
  8 frilled lizards
  3 kobolds
  2 rats
56 creatures vanquished.

Vanquished Creatures (collateral kills)
  An orc priest (D:4)
  A worker ant (D:4)
  4 adders
  An ooze (D:3)
  A dart slug (D:3)
  An orc (D:4)
  2 giant cockroaches
  A hobgoblin (D:3)
  7 jackals
  A quokka (D:3)
20 creatures vanquished.

Grand Total: 76 creatures vanquished

Notes
Turn   | Place    | Note
-------+----------+-------------------------------------------
     0 | D:1      | Rrauwl the Bultungin Wizard began the quest for the Orb.
     0 | D:1      | Reached XP level 1. HP: 13/13 MP: 6/6
    65 | D:1      | Reached skill level 5 in Spellcasting
   378 | D:1      | Reached XP level 2. HP: 20/20 MP: 5/8
   520 | D:1      | Reached skill level 1 in Fighting
  1171 | D:1      | Reached XP level 3. HP: 6/26 MP: 9/9
  1545 | D:2      | Learned a level 2 spell: Call Imp
  1548 | D:2      | Learned a level 2 spell: Blink
  1552 | D:2      | Learned a level 3 spell: Mephitic Cloud
  2191 | D:3      | Reached skill level 1 in Armour
  2191 | D:3      | Reached XP level 4. HP: 33/33 MP: 11/11
  3663 | D:3      | Found a snail-covered altar of Cheibriados.
  3750 | D:3      | Reached skill level 1 in Air Magic
  4119 | D:4      | Reached XP level 5. HP: 21/38 MP: 10/13
  4852 | D:4      | Reached skill level 1 in Poison Magic
  5457 | D:4      | Found a bloodstained altar of Trog.
  5458 | D:4      | Found a shattered altar of Ashenzari.
  5620 | D:4      | Found a staircase to the Ecumenical Temple.
  5626 | Temple   | Entered the Ecumenical Temple
  5733 | D:5      | Entered Level 5 of the Dungeon
  5733 | D:5      | Noticed a centaur
  5754 | D:5      | Shot with an arrow by a centaur

Vault maps used:
D:1:      roderic_chinese_lattice_arrival
D:2:      minivault_27
D:3:      first_bread, corexii_item_surrounded_by_moat, kennysheep_slug_shrine
D:4:      nicolae_overflow_hidden_temple, minmay_temple_entry_fiery,
          serial_bayou_crossing
D:5:      kennysheep_mini_moat, uniq_duvessa
Temple:   nicolae_temple_god_jail

Skill      XL: |  1  2  3  4  5 |
---------------+----------------+-----
Spellcasting   | 5 |  5.8
Fighting       | 1 2 |  2.3
Stealth        | 3 |  3.9
Conjurations   | 2 |  2.8
Armour         | 1 2 |  2.2
Summonings     | 2 |  2.4
Air Magic      | 1 2 |  2.2
Translocations | 2 |  2.7
Poison Magic   | 1 |  1.9
Dodging        | |  3.5

Action                   |  1- 3 |  4- 6 || total
-------------------------+-------+-------++-------
Melee: Unarmed           |    13 |       ||    13
       Whip              |    89 |   230 ||   319
       Bite              |     5 |    13 ||    18
 Cast: Magic Dart        |    24 |     3 ||    27
       Call Imp          |     2 |    24 ||    26
  Use: Potion            |     6 |     1 ||     7
       Scroll            |     2 |     5 ||     7
 Stab: Sleeping          |     3 |     3 ||     6
  Eat: Chunk             |     3 |    10 ||    13
       Fruit             |     1 |     2 ||     3
Armor: Robe              |    19 |    38 ||    57
       Skin              |    13 |       ||    13
Dodge: Dodged            |    80 |   173 ||   253
